 Dungeon Crawl Stone Soup version bcrawl-1.34.4 (webtiles) character file.

Game seed: 4801066725846523415

109992 Sirial the Slasher (level 4, -1/36 HPs)
             Began as a Human Reaver on Oct 20, 2021.
             Was a Follower of Vehumet.
             Slain by a sky beast (3 damage)
             ... on level 3 of the Dungeon.
             The game lasted 00:05:36 (1910 turns).

Sirial the Slasher (Human Reaver)                   Turns: 1910, Time: 00:05:37

Health: -1/36      AC:  5    Str: 16    XL:     4   Next: 31%
Magic:  7/7        EV: 13    Int: 15    God:    Vehumet [*.....]
Gold:   79         SH:  1    Dex: 12    Spells: 6/7 levels left

rFire    . . .     SeeInvis .   m - +1 falchion (venom)
rCold    . . .     Gourm    .   (no shield)
rNeg     . . .     Faith    .   b - +0 steam dragon scales
rPois    .         Spirit   .   (no helmet)
rElec    .         Reflect  .   (no cloak)
rCorr    .         Harm     .   (no gloves)
MR       .....                  (no boots)
Stlth    +.........             (no amulet)
HPRegen  0.12/turn              (no ring)
MPRegen  0.10/turn              (no ring)

@: mighty, invisible
A: no striking features
a: Renounce Religion


You were on level 3 of the Dungeon.
You worshipped Vehumet.
Vehumet was aware of your devotion.
You were not hungry.

You visited 1 branch of the dungeon, and saw 3 of its levels.

You collected 79 gold pieces.

Inventory:

Hand Weapons
 a - a +0 long sword
 m - a +1 falchion of venom (weapon)
Armour
 b - +0 steam dragon scales (worn)
 s - a +0 pair of boots
Scrolls
 d - a scroll of immolation
 f - 2 scrolls of noise {unknown}
 g - a scroll of enchant weapon {unknown}
 h - a scroll of fog {unknown}
 i - 4 scrolls of identify
 j - 2 scrolls of remove curse {unknown}
 n - 2 scrolls of teleportation {unknown}
 p - a scroll of magic mapping {unknown}
Potions
 c - a potion of haste
 k - a potion of agility {unknown}
 l - a potion of might
 q - a potion of curing {unknown}
Comestibles
 e - 2 rations {!d}
 r - 2 chunks of flesh


   Skills:
 + Level 3.6 Fighting
 + Level 4.1 Long Blades
 + Level 3.7 Dodging
 + Level 0.5 Stealth
 + Level 2.1 Spellcasting
 + Level 0.1 Conjurations
 + Level 0.1 Air Magic


You had 6 spell levels left.
You knew the following spells:

 Your Spells              Type           Power        Failure   Level  Hunger
a - Shock                 Conj/Air       #....        5%          1    None

Your spell library contained the following spells:

 Spells                   Type           Power        Failure   Level  Hunger
 Iskenderun's Battlesphe  Conj/Chrm      #.......     80%         5    #######


Dungeon Overview and Level Annotations

Branches:
Dungeon (3/12)

Altars:
Cheibriados
Sif Muna


Message History

Deactivating autopickup; reactivate with Ctrl-A.
Casting: Shock (safe; 5% risk of failure)
Confirm with . or Enter, or press ? or * to list all spells.
You can't see any susceptible monsters within range! (Use Z to cast anyway.)
You start waiting.
Something hits you. Something shocks you.
You barely miss something. Something barely misses you.
You hit something but do no damage. Something hits you but does no damage.
You hit something. Something hits you. Something shocks you.
You closely miss something. Something hits you. Something shocks you.
It was a potion of might.
You feel very mighty all of a sudden. Something hits you.
* * * LOW HITPOINT WARNING * * *
Something shocks you.
* * * LOW HITPOINT WARNING * * *
It was a potion of invisibility.
You fade into invisibility!
Something hits you.
You die...

..[
.######+####....
.....#..........
.....#..........
..{..#......[...
......8.......
######..8_8......
.........8...#
####..@....##
#..#..######
#..#.#.....#
#..#.......+
#..###.....####
#..#...........
#..##...#....##
#..#....#....# #
#..รท.# ..#


There were no monsters in sight!

Vanquished Creatures
  A gnoll (D:1)
  A worm (D:2)
  2 dart slugs
  2 leopard geckos
  A ball python (D:1)
  2 giant cockroaches
  7 hobgoblins
  9 kobolds
  A quokka (D:2)
  6 bats
  2 frilled lizards
  4 goblins
  5 rats
43 creatures vanquished.

Notes
Turn   | Place    | Note
-------+----------+-------------------------------------------
     0 | D:1      | Sirial the Human Reaver began the quest for the Orb.
     0 | D:1      | Reached XP level 1. HP: 18/18 MP: 3/3
    75 | D:1      | Reached XP level 2. HP: 12/24 MP: 5/5
   377 | D:1      | Reached XP level 3. HP: 25/29 MP: 6/6
   815 | D:1      | Reached * piety under Vehumet
   815 | D:1      | Offered knowledge of Shock by Vehumet.
   819 | D:1      | Learned a level 1 spell: Shock
  1007 | D:2      | Found a shimmering blue altar of Sif Muna.
  1325 | D:2      | Reached skill level 4 in Long Blades
  1367 | D:2      | Reached XP level 4. HP: 31/35 MP: 7/7
  1446 | D:2      | Found a snail-covered altar of Cheibriados.
  1893 | D:3      | Found a faded altar of an unknown god.
  1899 | D:3      | Noticed a sky beast
  1910 | D:3      | Slain by a sky beast

Skill      XL: |  1  2  3 |
---------------+----------+-----
Long Blades    | 4 |  4.1
Fighting       | |  3.6
Dodging        | |  3.7
Stealth        | |  0.5
Spellcasting   | |  2.1
Conjurations   | |  0.1
Air Magic      | |  0.1

Action                   |  1- 3 |  4- 6 || total
-------------------------+-------+-------++-------
Melee: Long sword        |    67 |       ||    67
       Falchion          |    37 |    29 ||    66
 Cast: Shock             |     4 |     7 ||    11
  Use: Potion            |       |     2 ||     2
  Eat: Chunk             |     4 |     3 ||     7
Armor: Steam dragon scal |    37 |     6 ||    43
Dodge: Dodged            |    72 |    21 ||    93
Block: Other             |     1 |     1 ||     2
